Map: Kairos Junction LE

Players

Clem - Winner!

  • Race: Terran Terran
  • Spawn Location: 5:00

Stephano

  • Race: Zerg Zerg
  • Spawn Location: 11:00

Event: 2019 WCS Summer

VOD

Have the link to the VOD?

Description

Time

  • Played on: July 12, 2019, 7:12 a.m.
  • Length: 10:30

All games in this series

Show
View Real Time Build Order
Export as new Build Order

Clem Terran - Winner!

Build Orders: Gas First Reaper Expand, Hellion Opening 

Get SALT Encoding   

  12  0:00  SCV  
  13  0:13  SCV  
  14  0:16  Supply Depot  
  14  0:25  SCV  
  15  0:29  Refinery  
  15  0:38  SCV  
  16  0:45  Barracks  
  16  0:50  SCV  
  17  1:02  SCV  
  18  1:16  SCV  
  19  1:31  Orbital Command  
  19  1:32  Reaper  
  20  1:42  Command Center  
  20  1:54  Factory  
  20  1:58  SCV  
  21  2:06  Barracks Reactor  
  21  2:11  SCV  
  21  2:13  Supply Depot  
  22  2:15  Refinery  
  22  2:23  SCV  
  23  2:35  SCV  
  24  2:43  Starport  
  24  2:47  SCV, Hellion x2  
  29  2:54  Barracks Tech Lab  
  29  2:59  Orbital Command  
  29  3:01  SCV  
  30  3:10  Hellion  
  32  3:13  Hellion  
  32  3:16  SCV  
  35  3:25  SCV  
  36  3:28  SCV  
  36  3:29  Viking  
  36  3:33  Supply Depot  
  39  3:37  SCV  
  39  3:40  Hellion  
  42  3:44  SCV  
  42  3:47  Hellion  
  45  3:50  SCV  
  46  3:57  Armory, Supply Depot  
  46  3:59  Medivac  
  46  4:01  SCV  
  49  4:05  SCV  
  49  4:06  Hellion  
  52  4:10  Hellion  
  54  4:18  SCV x2  
  54  4:20  Barracks Tech Lab  
  54  4:21  Supply Depot  
  56  4:29  Supply Depot  
  56  4:31  SCV x2  
  58  4:41  Command Center  
  58  4:43  SCV x2  
  60  4:45  Stimpack  
  60  4:56  Starport Reactor  
  60  4:57  SCV  
  60  4:59  Barracks, Factory Reactor  
  61  5:01  Barracks  
  61  5:02  Marine  
  61  5:03  SCV  
  63  5:09  SCV  
  57  5:15  SCV  
  57  5:16  Engineering Bay  
  57  5:17  Engineering Bay  
  57  5:20  Marine  
  59  5:21  SCV  
  59  5:27  SCV  
  59  5:28  Refinery, Supply Depot  
  61  5:29  Refinery  
  61  5:34  SCV  
  58  5:38  Marine  
  59  5:45  Barracks, Terran Infantry Weapons Level 1, Terran Infantry Armor Level 1  
  59  5:46  Barracks, Marine x2  
  59  5:53  SCV  
  59  5:56  Marine  
  59  5:58  Marine  
  59  5:59  Marine  
  59  6:00  Siege Tank, Medivac  
  59  6:02  Medivac  
  62  6:04  Marine  
  62  6:05  Orbital Command  
  62  6:08  Marine  
  62  6:10  SCV  
  62  6:11  SCV  
  66  6:13  Marine  
  66  6:16  Marine x2  
  69  6:23  SCV x2  
  69  6:24  Marine  
  72  6:25  Marine  
  72  6:32  Siege Tank, Orbital Command  
  76  6:33  Barracks Reactor x2  
  76  6:35  SCV x2  
  76  6:37  Marine x2  
  76  6:39  Medivac  
  82  6:45  Marine  
  82  6:46  Combat Shield, Marine x2  
  85  6:47  SCV x2  
  85  6:49  Supply Depot  
  85  6:50  Supply Depot  
  87  6:57  SCV  
  87  6:59  SCV x2  
  90  7:01  Medivac  
  90  7:03  Marine x2  
  90  7:07  Marine x2  
  90  7:08  Siege Tank  
  99  7:09  SCV  
  99  7:11  SCV  
  99  7:14  Factory  
  99  7:15  Supply Depot  
  101  7:16  Marine x4  
  101  7:17  SCV  
  101  7:20  Marine  
  101  7:21  Marine, SCV  
  109  7:24  Marine  
  109  7:25  Marine  
  109  7:29  Refinery  
  111  7:30  SCV  
  111  7:31  SCV, Supply Depot x2  
  113  7:37  SCV  
  113  7:39  Medivac x2  
  113  7:42  Marine, SCV  
  113  7:43  Marine x2, SCV  
  123  7:46  Marine  
  123  7:49  Drilling Claws  
  125  7:51  Widow Mine  
  125  7:57  Supply Depot  
  125  7:58  Factory Reactor, Supply Depot  
  125  7:59  SCV  
  125  8:01  Marine x4, Supply Depot  
  125  8:03  Marine  
  125  8:04  Marine  
  131  8:08  Marine x3  
  134  8:16  Command Center  
  134  8:18  Marine  
  134  8:19  Marine x3  
  136  8:21  Marine  
  136  8:22  Widow Mine  
  136  8:26  Medivac x2  
  145  8:27  Marine x2  
  145  8:29  Marine  
  145  8:31  Marine  
  149  8:36  Marine  
  149  8:37  Marine x2  
  152  8:43  Supply Depot x2  
  152  8:46  Marine x2  
  154  8:50  Widow Mine x2  
  154  8:52  Refinery, Widow Mine  
  154  8:53  Marine  
  161  8:56  Marine  
  161  8:57  Marine x3  
  165  9:04  Marine x3  
  165  9:05  SCV, Supply Depot  
  165  9:07  Supply Depot  
  165  9:08  Medivac  
  171  9:10  Medivac  
  165  9:18  Widow Mine  
  165  9:20  Marine x6  
  165  9:22  Marine x3  
  176  9:34  Barracks x2  
  176  9:35  Barracks  
  176  9:38  Marine x6  
  170  9:39  Widow Mine  
  170  9:42  Marauder, Marine  
  170  9:45  Widow Mine  
  174  9:49  Marine  
  174  9:50  Widow Mine  
  173  9:56  Marine x6  
  173  9:59  SCV x2  
  181  10:00  Widow Mine, SCV  
  181  10:04  Marauder  
  181  10:06  Widow Mine  
  187  10:12  Marine x2  
Show
View Real Time Build Order
Export as new Build Order

Stephano Zerg 

Build Orders: Hatch First 

Get SALT Encoding   

  12  0:01  Drone  
  13  0:12  Overlord  
  13  0:17  Drone  
  14  0:30  Drone x2  
  16  0:48  Hatchery  
  15  0:51  Drone  
  15  0:55  Drone  
  17  0:58  Drone  
  18  1:09  Extractor  
  17  1:14  Spawning Pool  
  17  1:16  Drone  
  17  1:19  Drone  
  18  1:28  Drone  
  19  1:38  Drone  
  20  1:49  Drone  
  21  2:01  Zergling x2, Queen  
  23  2:02  Zergling x2  
  23  2:05  Hatchery  
  24  2:12  Queen  
  26  2:18  Overlord  
  26  2:22  Drone  
  27  2:24  Drone  
  28  2:36  Drone  
  29  2:37  Drone, Queen  
  29  2:44  Metabolic Boost  
  32  2:48  Overlord  
  32  2:51  Drone  
  33  2:54  Drone x2  
  35  3:04  Drone  
  36  3:09  Overlord  
  36  3:13  Drone  
  36  3:14  Drone  
  36  3:15  Drone x2  
  36  3:19  Queen  
  42  3:28  Drone x4  
  42  3:31  Queen  
  48  3:40  Zergling x4  
  50  3:41  Spore Crawler x2  
  50  3:42  Drone  
  50  3:43  Drone  
  50  3:50  Drone x3  
  50  3:51  Drone x2  
  57  3:56  Overlord  
  57  3:58  Overlord  
  57  4:02  Overlord x2  
  57  4:14  Zergling x2  
  57  4:16  Queen  
  60  4:20  Zergling x6  
  60  4:22  Lair  
  60  4:23  Drone x4  
  67  4:26  Extractor x2  
  67  4:27  Drone x2  
  67  4:30  Drone x2  
  70  4:31  Drone  
  70  4:36  Baneling Nest  
  69  4:43  Drone x2  
  69  4:45  Overlord  
  71  4:47  Drone x5  
  71  4:51  Evolution Chamber x2  
  73  4:53  Drone x3  
  73  4:56  Overlord  
  76  5:05  Overlord  
  73  5:07  Queen  
  73  5:09  Zergling x10  
  72  5:22  Zergling x16  
  72  5:25  Zergling x6  
  78  5:31  Zergling x4  
  74  5:42  Zerg Ground Armor Level 1  
  73  5:48  Drone x2  
  73  5:57  Drone x5  
  73  6:02  Drone x3  
  78  6:06  Zerg Melee Weapons Level 1  
  78  6:11  Centrifical Hooks  
  78  6:13  Extractor  
  78  6:14  Queen, Extractor  
  78  6:22  Hatchery  
  76  6:28  Drone x4  
  76  6:29  Drone  
  81  6:38  Zergling x14  
  81  6:39  Zergling x4  
  90  6:47  Queen x2  
  90  6:52  Baneling  
  90  6:53  Baneling x6  
  90  6:54  Zergling x8  
  98  6:59  Overlord x3  
  97  7:05  Overlord  
  96  7:17  Zergling x16  
  103  7:32  Zergling x14  
  103  7:33  Baneling x4  
  103  7:34  Baneling x2  
  109  7:45  Zergling x14  
  109  7:50  Zerg Ground Armor Level 2  
  115  7:56  Zergling x6  
  116  7:59  Extractor  
  116  8:00  Infestation Pit, Zergling x14  
  121  8:06  Zerg Melee Weapons Level 2  
  121  8:07  Zergling x8  
  121  8:08  Baneling x2  
  121  8:09  Baneling x2  
  125  8:15  Zergling x4  
  125  8:18  Baneling x6  
  127  8:20  Overlord x4  
  127  8:22  Hatchery  
  126  8:32  Infestation Pit  
  124  8:35  Spawning Pool  
  114  8:45  Drone x2  
  114  8:46  Drone x4  
  114  8:47  Overlord  
  120  8:52  Overlord  
  120  8:53  Drone x6  
  125  9:07  Drone x2  
  125  9:08  Drone x2  
  126  9:17  Hive  
  126  9:22  Queen  
  128  9:28  Zergling x36  
  135  9:39  Zergling x6  
  129  9:48  Zergling x8  
  129  9:51  Baneling x10  
  129  9:52  Zergling x6  
  127  9:58  Zergling x18  
  131  10:00  Hatchery  
Tags
 
Add a new tag
Caveats
  • Supply blocks, unpowered buildings, or Contaminate may cause inaccurate times.
  • Supply counts are checked every 10 seconds.